Map: Lock & Load

Players

RAGNAROK

  • Race: Terran Terran
  • Spawn Location: 6:00

NamroodTuo

  • Race: Terran Terran

VOD

Have the link to the VOD?

Description

Time

  • Played on: April 14, 2023, 10:52 a.m.
  • Length: 17:43
Show
View Real Time Build Order
Export as new Build Order

RAGNAROK Terran 

Build Orders:  

Get SALT Encoding   

  12  0:03  SCV  
  13  0:20  SCV  
  14  0:37  SCV  
  15  0:40  Barracks  
  15  0:54  SCV  
  16  1:10  Refinery  
  16  1:11  SCV  
  17  1:28  SCV  
  18  1:31  Engineering Bay  
  18  1:45  Unknown, SCV  
  19  1:58  Barracks Tech Lab  
  19  2:01  SCV  
  20  2:18  SCV  
  21  2:27  Refinery  
  21  2:35  SCV  
  22  2:52  SCV  
  23  3:05  Elite Marine  
  23  3:09  SCV  
  28  3:26  SCV  
  29  3:35  Super Stimpack  
  29  3:43  SCV  
  29  3:44  Terran Infantry Weapons Level 1  
  30  4:00  SCV  
  31  4:23  SCV  
  32  4:35  Command Center  
  32  4:58  Factory  
  32  5:05  Laser Targeting System  
  32  5:23  Starport  
  32  5:44  SCV  
  33  6:01  SCV  
  33  6:03  Factory Tech Lab  
  34  6:17  SCV  
  34  6:18  SCV  
  36  6:22  Starport Tech Lab  
  36  6:24  Terran Infantry Armor Level 1  
  36  6:34  SCV  
  36  6:35  SCV  
  36  6:39  Defensive Drone  
  38  6:49  Hellbat Rangers  
  42  6:51  SCV x2  
  44  7:04  Refinery x2  
  44  7:07  SCV  
  45  7:13  Raven Type-II  
  47  7:24  SCV  
  48  7:48  SCV  
  49  7:51  SCV  
  50  8:05  SCV  
  50  8:08  SCV  
  52  8:12  Elite Marine  
  56  8:22  SCV  
  56  8:27  Jump Jet Assault  
  57  8:40  Ghost Visor  
  57  8:51  Armory  
  57  8:54  Armory  
  57  9:29  Railgun Turret  
  57  9:33  Defensive Drone  
  57  10:00  Terran Vehicle And Ship Armor Level 1  
  57  10:01  Terran Vehicle and Ship Weapons Level 1  
  57  10:07  Spec Ops Ghost  
  61  10:12  SCV  
  61  10:13  SCV  
  63  10:23  Terran Infantry Weapons Level 2  
  63  10:29  SCV  
  64  10:30  SCV  
  64  10:35  Suppression Shells  
  65  10:46  SCV  
  65  10:47  SCV, Infernal Pre-Igniter  
  67  11:03  SCV x2  
  69  11:35  Hellbat Rangers  
  73  11:48  Strike Goliath  
  79  11:55  Ares-Class Targeting System  
  79  12:17  Elite Marine  
  83  12:42  Terran Vehicle and Ship Weapons Level 2  
  83  12:55  Lockdown Missiles  
  83  12:57  Suppression Shells  
  83  13:32  Railgun Turret  
  83  13:33  Terran Infantry Armor Level 2  
  84  13:50  Terran Vehicle And Ship Armor Level 2  
  83  14:21  Tactical Airlift  
  82  15:11  Spec Ops Ghost  
  86  15:25  Hellbat Rangers  
  90  15:40  Railgun Turret  
  90  16:01  Hellbat Rangers  
  94  17:31  Strike Goliath  
Show
View Real Time Build Order
Export as new Build Order

NamroodTuo Terran 

Build Orders:  

Get SALT Encoding   

  12  0:06  SCV  
  13  0:23  SCV  
  14  0:40  SCV  
  15  0:56  Gunslingers Hideout  
  15  0:57  SCV  
  16  1:01  Refinery  
  16  1:14  SCV  
  16  1:17  Refinery  
  17  1:31  SCV  
  18  1:48  SCV  
  19  2:05  SCV  
  20  2:22  SCV  
  20  2:28  Engineering Bay  
  21  2:39  SCV  
  22  2:56  SCV  
  23  3:01  Tychus  
  23  3:26  SCV  
  24  3:34  Outlaw Weapons Level 1  
  24  3:42  SCV  
  25  3:59  SCV  
  26  4:12  Command Center  
  26  4:49  SCV  
  27  5:06  SCV  
  28  5:19  Auto-Turret  
  28  5:21  Auto-Turret  
  28  5:23  SCV  
  29  5:33  Outlaw Life and Armor Level 1  
  29  5:40  SCV  
  29  5:47  Auto-Turret  
  30  5:51  Auto-Turret  
  30  5:57  SCV x2  
  32  6:08  Auto-Turret  
  32  6:14  SCV x2  
  32  6:15  Auto-Turret  
  34  6:21  Auto-Turret  
  34  6:31  SCV  
  35  6:48  SCV  
  36  7:05  SCV  
  36  7:09  Crooked Sam  
  47  7:22  SCV  
  48  7:39  SCV  
  49  7:55  Auto-Turret, Outlaw Life and Armor Level 2  
  49  7:56  SCV  
  50  8:13  SCV  
  51  8:22  Auto-Turret  
  51  8:30  SCV  
  52  8:47  SCV  
  53  9:04  SCV  
  54  9:21  SCV  
  55  10:08  Muscle Armory  
  55  10:22  Outlaw Weapons Level 2  
  55  10:24  Medivac Platform  
  55  10:27  SCV  
  56  10:32  Refinery  
  56  10:36  Refinery  
  56  10:41  Kel-Morian Ripper Rounds, Procyon Shade Suit  
  56  10:44  SCV  
  57  11:01  SCV  
  57  11:04  Miles Blaze Lewis  
  68  11:52  LarsCorp G7 Charges  
  68  12:08  Fixers Safehouse  
  68  12:28  Auto-Turret  
  68  12:41  Outlaw Life and Armor Level 3  
  68  12:57  Auto-Turret  
  68  13:24  Auto-Turret  
  68  13:49  Auto-Turret  
  68  15:00  Auto-Turret  
  68  15:11  Nux  
  68  15:12  Lt Layna Nikara  
  68  15:16  Hades Oil, High Capacity Containers  
  88  15:21  Flashforce GDM Visor  
  88  15:29  Auto-Turret  
  88  15:56  Auto-Turret  
Tags
 
Commander
NovaTychus
Matchup
Co-op
Replay Pack
Multiplayer
Add a new tag
Caveats
  • Supply blocks, unpowered buildings, or Contaminate may cause inaccurate times.
  • Supply counts are checked every 10 seconds.